[Event "Titled Tuesday Blitz March 07 Late 2023"]
[White "Nilsen, Tobias Lang"]
[Black "Corrales Jimenez, Fidel"]
[WhiteFideId "1521624"]
[BlackFideId "3506690"]
[WhiteElo "2183"]
[BlackElo "2541"]
[Result "0-1"]
[Round "06"]
[TimeControl "180+2"]
[Date "2023.03.07"]
[WhiteClock "0:00:05"]
[BlackClock "0:00:36"]

1. e4 c5 2. Nf3 d6 3. d4 cxd4 4. Nxd4 Nf6 5. Nc3 a6 6. Rg1 h5 7. h3 e5 8. Nb3 Be6 9. g4 hxg4 10. hxg4 g6 11. g5 Nh5 12. Be2 Nd7 13. Nd5 Nb6 14. Nxb6 Qxb6 15. Be3 Qc6 16. Qd3 b5 17. O-O-O Rc8 18. Kb1 Bc4 19. Qd2 Qxe4 20. Bd3 Qd5 21. Qa5 Bxd3 22. Rxd3 Qb7 23. Rgd1 Be7 24. Rd5 O-O 25. Qd2 Rc7 26. f4 exf4 27. Bxf4 Rfc8 28. c3 b4 29. Bxd6 bxc3 30. bxc3 Bxd6 31. Rxd6 Rxc3 32. Rd8+ Kh7 33. Rxc8 Rxc8 34. Qd5 Qe7 35. Rf1 Rc7 36. Nd4 Rd7 37. Qc4 Qe4+ 38. Kc1 Kg7 39. Rd1 Qf4+ 40. Kc2 Rc7 41. Ne6+ fxe6 42. Rd7+ Rxd7 43. Qxf4 Nxf4 0-1


[Site "https://www.chess.com"]

[Event "Titled Tuesday Blitz March 07 Late 2023"]
[White "Pakleza, Zbigniew"]
[Black "Gerbelli Neto, Eduardo"]
[WhiteFideId "1119290"]
[BlackFideId "2103281"]
[WhiteElo "2410"]
[BlackElo "2178"]
[Result "1-0"]
[Round "06"]
[TimeControl "180+2"]
[Date "2023.03.07"]
[WhiteClock "0:00:04"]
[BlackClock "0:00:04"]

1. d4 d5 2. Bf4 Nf6 3. e3 Bf5 4. c4 c6 5. Nc3 dxc4 6. Bxc4 e6 7. Qb3 Qb6 8. Nf3 Qxb3 9. Bxb3 Nbd7 10. h3 Bb4 11. Rc1 h6 12. O-O Ne4 13. Nxe4 Bxe4 14. a3 Be7 15. Nd2 Bd3 16. Rfd1 g5 17. Bh2 a5 18. Nc4 Bxc4 19. Bxc4 Nb6 20. Be2 O-O 21. Rc2 Nd5 22. Bf3 Rfd8 23. Kf1 Bd6 24. Bg1 f5 25. Be2 Kg7 26. Bc4 Kf6 27. f3 Bg3 28. Ke2 Rac8 29. Rdc1 e5 30. dxe5+ Bxe5 31. Rd1 b5 32. Ba2 b4 33. a4 h5 34. Bf2 h4 35. Bb3 Bg3 36. Bxg3 hxg3 37. Bxd5 cxd5 38. Rxc8 Rxc8 39. Rxd5 Rc2+ 40. Rd2 Rc4 41. Kd3 Rc1 42. f4 Ra1 43. b3 g4 44. hxg4 fxg4 45. e4 Rf1 46. Ke3 Rb1 47. Rd3 Rb2 48. Rd6+ Ke7 49. Rg6 Rxb3+ 50. Kd4 Ra3 51. Ke5 b3 52. Rb6 Rxa4 53. Rxb3 Rb4 54. Rxb4 axb4 55. Kd4 Kd6 56. Kc4 b3 57. Kxb3 Kc5 58. Kc3 1-0


[Site "https://www.chess.com"]

[Event "Titled Tuesday Blitz March 07 Late 2023"]
[White "Yu, Yangyi"]
[Black "Weichhold, Pawel"]
[WhiteFideId "8603820"]
[BlackFideId "1139703"]
[WhiteElo "2783"]
[BlackElo "2330"]
[Result "1-0"]
[Round "06"]
[TimeControl "180+2"]
[Date "2023.03.07"]
[WhiteClock "0:00:07"]
[BlackClock "0:00:11"]

1. Nf3 Nf6 2. g3 g6 3. Bg2 Bg7 4. c4 O-O 5. Nc3 d6 6. O-O Nc6 7. d3 e5 8. Rb1 a5 9. b3 Re8 10. Bb2 Bf5 11. e4 Bd7 12. h3 Nb4 13. a3 Na6 14. Re1 Nc5 15. Nd5 Nxd5 16. cxd5 Bb5 17. Bf1 Qd7 18. Qc2 f5 19. h4 b6 20. Rbc1 Rf8 21. Nd2 Bh6 22. Rcd1 Qf7 23. d4 Bxf1 24. Rxf1 exd4 25. Bxd4 fxe4 26. Nxe4 Nxe4 27. Qxe4 Rae8 28. Qc2 Bg7 29. Bxg7 Qxg7 30. Rde1 Re7 31. Re6 Ref7 32. Re4 Qh6 33. f4 Qh5 34. Qd1 Qf5 35. Rfe1 Qh3 36. Qf3 Qf5 37. Re8 Qc2 38. Rxf8+ Rxf8 39. a4 Rf7 40. Re2 Qc5+ 41. Kg2 Qd4 42. Qe4 Qc3 43. Qc4 Qf6 44. Re6 Qf5 45. Qe4 Kf8 46. Re8+ Kg7 47. Qxf5 gxf5 48. Kf3 Kf6 49. Re6+ Kg7 50. h5 Kf8 51. g4 fxg4+ 52. Kxg4 Rg7+ 53. Kf3 Kf7 54. Re4 Kf6 55. Re6+ Kf7 56. Rh6 Kg8 57. Rf6 Rg1 58. Re6 Kf7 59. Rh6 Kg7 60. Re6 Rc1 61. Re7+ Kh6 62. Kg4 Rc5 63. Rd7 Rc3 64. Re7 Rc5 65. Re6+ Kg7 66. Re7+ Kg8 67. h6 Rc1 68. Kg5 Kf8 69. Rxh7 Rg1+ 70. Kf6 Ke8 71. Rh8+ Kd7 72. h7 Rh1 73. f5 Rh6+ 74. Kg5 Rh1 75. f6 Rg1+ 76. Kf4 Rh1 77. f7 Rf1+ 78. Kg5 Rxf7 79. Kg6 Re7 80. Rg8 Re1 81. h8=Q Rg1+ 82. Kf5 Rf1+ 83. Ke4 Re1+ 84. Kd3 Re7 85. Rd8# 1-0


[Site "https://www.chess.com"]

[Event "Titled Tuesday Blitz March 07 Late 2023"]
[White "Matlakov, Maxim"]
[Black "Timmermans, Mark"]
[WhiteFideId "4168003"]
[BlackFideId "1026399"]
[WhiteElo "2666"]
[BlackElo "2460"]
[Result "1/2-1/2"]
[Round "06"]
[TimeControl "180+2"]
[Date "2023.03.07"]
[WhiteClock "0:00:07"]
[BlackClock "0:00:09"]

1. e4 e5 2. Nf3 Nc6 3. Bb5 f5 4. d3 fxe4 5. dxe4 Nf6 6. O-O d6 7. Nc3 Be7 8. Bc4 Na5 9. Bb5+ Nc6 10. Bc4 Na5 11. Be2 O-O 12. Bg5 Kh8 13. Bxf6 Bxf6 14. Nd5 Nc6 15. a4 Ne7 16. Ne3 Qe8 17. a5 a6 18. Ra3 Qg6 19. Bd3 Nc6 20. Kh1 Nb4 21. Be2 Qxe4 22. Ra4 Bd7 23. c3 Bxa4 24. Qxa4 c5 25. cxb4 Qxb4 26. Qc2 e4 27. Nd2 Qxb2 28. Qxb2 Bxb2 29. Nxe4 Rab8 30. Nxd6 b5 31. axb6 Rxb6 32. Nec4 Rb4 33. g3 Bd4 34. Kg2 g6 35. Bf3 Ra4 36. Bd5 Ra1 37. Rxa1 Bxa1 38. Bb7 a5 39. Nxa5 Bd4 40. f3 Kg7 41. Nac4 Rb8 42. h4 h6 43. f4 g5 44. hxg5 hxg5 45. f5 g4 46. Kf1 Kf8 47. Ke2 Ke7 48. Be4 Rh8 49. Kf1 Rh6 50. Nb5 Kf6 51. Nc7 Kg5 52. Ne6+ Kf6 53. Kg2 Rh7 54. Nf4 Ra7 55. Nd5+ Kg5 56. Nd6 Be5 57. Nc4 Ra2+ 58. Kg1 Ra1+ 59. Kf2 Ra2+ 60. Kf1 Ra1+ 61. Ke2 Ra2+ 62. Kd3 Bxg3 63. f6 Rf2 64. Nce3 Be5 65. Bf5 Rxf5 66. Nxf5 Bxf6 67. Nxf6 Kxf5 68. Nxg4 Kxg4 69. Kc4 Kf4 70. Kxc5 1/2-1/2


[Site "https://www.chess.com"]

[Event "Titled Tuesday Blitz March 07 Late 2023"]
[White "Cardoso Cardoso, Jose Gabriel"]
[Black "Maksimovic, Bojan"]
[WhiteFideId "4430492"]
[BlackFideId "14408120"]
[WhiteElo "2496"]
[BlackElo "2468"]
[Result "0-1"]
[Round "06"]
[TimeControl "180+2"]
[Date "2023.03.07"]
[WhiteClock "0:00:04"]
[BlackClock "0:00:08"]

1. d4 Nf6 2. Nc3 g6 3. e4 d5 4. e5 Ne4 5. Nce2 f6 6. f3 Ng5 7. Be3 Nf7 8. f4 c5 9. Nf3 Nc6 10. c3 cxd4 11. cxd4 Bg4 12. Nc3 Bh6 13. Be2 O-O 14. Qd2 fxe5 15. fxe5 Bxe3 16. Qxe3 e6 17. Rd1 Qb6 18. Qd2 Bxf3 19. Bxf3 Rac8 20. Qf2 Ng5 21. Rd2 Kg7 22. h4 Nxf3+ 23. gxf3 Rf4 24. Ne2 Rf7 25. h5 g5 26. h6+ Kh8 27. Qg3 Rg8 28. Rh5 Qd8 29. Rh2 Qf8 30. Rd3 Rg6 31. Qg4 Rf5 32. Rb3 Rxh6 33. Rxh6 Qxh6 34. Rxb7 Qh1+ 35. Kd2 Qxf3 36. Qxf3 Rxf3 37. Rc7 Na5 38. b3 g4 39. Rc5 Nb7 40. Rc7 Nd8 41. Rd7 Nf7 42. Rxa7 Ng5 43. a4 Ne4+ 44. Ke1 g3 45. Nxg3 Rxg3 46. Rb7 h5 47. a5 Rg1+ 48. Ke2 Ra1 49. b4 h4 50. Re7 h3 51. Rxe6 Kg7 52. Re7+ Kg6 53. Re6+ Kg5 54. Re8 h2 55. Rg8+ Kf5 56. Rf8+ Ke6 57. Rh8 h1=Q 58. Rxh1 Rxh1 59. Kd3 Rb1 0-1


[Site "https://www.chess.com"]

[Event "Titled Tuesday Blitz March 07 Late 2023"]
[White "Zhigalko, Sergei"]
[Black "Preotu, Razvan"]
[WhiteFideId "13502956"]
[BlackFideId "2613280"]
[WhiteElo "2626"]
[BlackElo "2407"]
[Result "1/2-1/2"]
[Round "06"]
[TimeControl "180+2"]
[Date "2023.03.07"]
[WhiteClock "0:00:06"]
[BlackClock "0:00:03"]

1. e4 c5 2. Nf3 d6 3. d4 cxd4 4. Qxd4 Nc6 5. Bb5 Bd7 6. Bxc6 Bxc6 7. Nc3 Nf6 8. Bg5 e6 9. O-O-O Be7 10. Rhe1 O-O 11. Kb1 h6 12. Bh4 b5 13. Bxf6 Bxf6 14. Qxd6 Qb6 15. Ne5 Bxe5 16. Qxe5 b4 17. Ne2 Qxf2 18. Nf4 Kh8 19. Nh5 Rg8 20. g4 Rac8 21. Qf4 Qxf4 22. Nxf4 Rgd8 23. Nd3 Rd4 24. Nf2 Rc4 25. Rd2 a5 26. b3 Rc3 27. Nd3 Bb5 28. Kb2 Bxd3 29. cxd3 e5 30. h4 Rd8 31. Re3 Kg8 32. Rf3 f6 33. a3 Rd6 34. g5 fxg5 35. hxg5 hxg5 36. Rg3 Rg6 37. axb4 axb4 38. Rf2 g4 39. Rf5 Rgc6 40. Rf2 Rd6 41. Rd2 Kf7 42. Rf2+ Kg8 43. Rd2 Rd4 44. Rxg4 Rdxd3 45. Rxd3 Rxd3 46. Rg5 Rd2+ 47. Kc1 Re2 48. Rxe5 Kf7 49. Rf5+ Ke6 50. Rg5 Kf6 51. Rf5+ Kg6 52. Re5 Kh6 53. Kd1 Re3 54. Kc2 g5 55. Kd2 Rxb3 56. Rb5 Kg6 57. Rb6+ Kf7 58. Ke2 g4 59. Kf2 Rf3+ 60. Kg2 b3 61. e5 Rc3 62. Kf2 Ke7 63. Kg2 Kd7 64. e6+ Ke7 65. Kf2 Rd3 66. Kg2 Re3 67. Kf2 Rf3+ 68. Kg2 Rc3 69. Kf2 Rd3 70. Kg2 g3 71. Kh3 Re3 72. Kg2 Kf6 73. Kh3 Ke7 74. Kg2 Kd8 75. Kh3 Kc7 76. Rb4 Kc6 77. Kg2 Kc5 78. Rb8 Kc4 79. Rc8+ Kb4 80. Rb8+ Ka3 81. Ra8+ Kb2 82. Ra6 Kb1 83. Rb6 b2 84. Kh3 Kc2 85. Rc6+ Kb1 86. Rb6 Kc2 87. Rc6+ Rc3 88. Rxc3+ Kxc3 89. e7 b1=Q 90. e8=Q Qf1+ 91. Kxg3 Qd3+ 92. Kf4 Qd4+ 93. Qe4 Qxe4+ 94. Kxe4 1/2-1/2


[Site "https://www.chess.com"]

[Event "Titled Tuesday Blitz March 07 Late 2023"]
[White "Li, Ruifeng"]
[Black "Fus, Jakub"]
[WhiteFideId "2061074"]
[BlackFideId "1193023"]
[WhiteElo "2441"]
[BlackElo "2335"]
[Result "1-0"]
[Round "06"]
[TimeControl "180+2"]
[Date "2023.03.07"]
[WhiteClock "0:00:13"]
[BlackClock "0:00:01"]

1. b3 d5 2. Bb2 Nf6 3. e3 Bg4 4. f3 Bc8 5. d4 c5 6. Nc3 Nc6 7. Qd2 e6 8. O-O-O Bd7 9. g4 Rc8 10. Kb1 Qa5 11. g5 Ng8 12. Nge2 cxd4 13. exd4 Bb4 14. Qe3 Nge7 15. Bh3 O-O 16. Bg4 Ba3 17. Bxa3 Qxa3 18. Qc1 Qb4 19. a3 Qb6 20. Na4 Qc7 21. Nc5 Na5 22. Qf4 Qc6 23. Qd2 b6 24. Nd3 Qc7 25. Ne5 Bb5 26. Nf4 Nec6 27. Rhe1 Nxe5 28. Rxe5 Nc6 29. Ree1 Nxd4 30. Qxd4 Qxc2+ 31. Ka1 Qxb3 32. Qb2 Qxb2+ 33. Kxb2 Rc4 34. Nd3 Rfc8 35. Rc1 Rxc1 36. Nxc1 Bc4 37. Nb3 Bxb3 38. Kxb3 Kf8 39. f4 g6 40. Be2 Ke7 41. h4 Kd6 42. Bd3 h6 43. Rh1 Rh8 44. h5 hxg5 45. hxg6 Rf8 46. fxg5 fxg6 47. Bxg6 Rf3+ 48. Kb4 Rg3 49. Rh5 e5 50. Be8 d4 51. g6 d3 52. Rh7 e4 53. Rd7+ Ke6 54. Rd4 Ke5 55. Rd8 Kf4 56. Bf7 Ke3 57. Kc3 Ke2 58. Rd4 d2+ 59. Kc2 Rd3 60. Rxe4+ Kf2 61. Kd1 Rxa3 62. Kxd2 Rg3 63. Rf4+ Kg2 64. Rf6 Kh3 65. Re6 Kh4 66. Kc2 Kg5 67. Kb2 Kh6 68. Re8 Kg7 69. Rg8+ Kf6 70. Ra8 a5 71. Ra6 Kg7 72. Rxb6 a4 73. Ka2 Re3 74. Rb4 a3 75. Rb3 Re2+ 76. Kxa3 Rf2 77. Kb4 Rf4+ 78. Kc3 Re4 79. Kb2 Re5 80. Kc2 Re4 81. Rd3 Rc4+ 82. Kd2 Rb4 83. Ke3 Ra4 84. Rd4 Ra1 85. Ke4 Re1+ 86. Kd5 Re2 87. Kd6 Re1 88. Rd5 Re2 89. Re5 Rd2+ 90. Ke6 Rf2 91. Ke7 Rf1 92. Be8 Rf2 93. Kd8 Rf1 94. Re7+ Kg8 95. Bf7+ Kf8 96. g7+ Kxg7 97. Bc4+ 1-0


[Site "https://www.chess.com"]

[Event "Titled Tuesday Blitz March 07 Late 2023"]
[White "Saveliev, Alexei"]
[Black "Yuan, Qingyu"]
[WhiteFideId "24128546"]
[BlackFideId "8609772"]
[WhiteElo "2271"]
[BlackElo "2359"]
[Result "0-1"]
[Round "06"]
[TimeControl "180+2"]
[Date "2023.03.07"]
[WhiteClock "0:00:16"]
[BlackClock "0:00:03"]

1. c4 e6 2. Nc3 d5 3. cxd5 exd5 4. d4 c6 5. Nf3 Bd6 6. Qc2 Ne7 7. Bg5 Bf5 8. Qxf5 Nxf5 9. Bxd8 Kxd8 10. e3 Nd7 11. Bd3 Ne7 12. O-O Nf6 13. Rab1 a5 14. a3 h6 15. Rfc1 Kd7 16. Nd2 Rhb8 17. f3 Ng6 18. e4 Nf4 19. Bf1 Be7 20. Rd1 Ne6 21. exd5 Nxd5 22. Nxd5 cxd5 23. Bb5+ Kd6 24. Nb3 a4 25. Nc1 Ra5 26. Bf1 Rc8 27. Ne2 Bf6 28. Kf2 Rb5 29. Ke3 Rb3+ 30. Rd3 Bg5+ 31. f4 Rxd3+ 32. Kxd3 Nxf4+ 33. Nxf4 Bxf4 34. g3 Bg5 35. Be2 Rc6 36. Rf1 Ke7 37. Bh5 Bf6 38. Bd1 Rc4 39. Bf3 Rxd4+ 40. Ke3 Kd6 41. Bh5 Re4+ 42. Kd3 Re7 43. Rf2 b5 44. Bd1 Be5 45. Rd2 f5 46. Bf3 Ke6 47. Ke3 Rd7 48. Be2 Rb7 49. Bf3 Rd7 50. Be2 d4+ 51. Kd3 g5 52. Kc2 Rd5 53. Bd3 f4 54. g4 Rc5+ 55. Kd1 Kd6 56. h3 Kc6 57. Re2 Kb6 58. Re1 Kc7 59. Re2 Kd6 60. Re1 Rc8 61. Re2 Rb8 62. Rc2 b4 63. axb4 Rxb4 64. Be4 Rb3 65. Rc6+ Kd7 66. Ra6 Re3 67. Bf5+ Kc7 68. Rxa4 f3 69. Kd2 f2 70. Ra1 Bf4 71. Bd3 Re1+ 72. Kc2 Rxa1 0-1


[Site "https://www.chess.com"]

[Event "Titled Tuesday Blitz March 07 Late 2023"]
[White "Holt, Conrad"]
[Black "Oro, Faustino"]
[WhiteFideId "2034387"]
[BlackFideId "20000197"]
[WhiteElo "2592"]
[BlackElo "1984"]
[Result "1/2-1/2"]
[Round "06"]
[TimeControl "180+2"]
[Date "2023.03.07"]
[WhiteClock "0:00:21"]
[BlackClock "0:00:04"]

1. d4 Nf6 2. c4 e6 3. Nc3 Bb4 4. Qc2 O-O 5. e4 d5 6. e5 Ne4 7. Bd3 Bxc3+ 8. bxc3 f5 9. cxd5 exd5 10. Nh3 c5 11. f3 Qh4+ 12. Kf1 cxd4 13. cxd4 Nc6 14. Be3 f4 15. Bxe4 fxe3 16. Bxd5+ Kh8 17. Qe4 Qxe4 18. Bxe4 Nxd4 19. Re1 Bxh3 20. gxh3 Nxf3 21. Rxe3 Nxe5+ 22. Kg2 Nc4 23. Rc3 Nd6 24. Bf3 Rae8 25. Rd1 Nf5 26. Rdd3 Re7 27. Bg4 h6 28. Ra3 a6 29. Rab3 Kh7 30. a4 Nh4+ 31. Kg3 Ng6 32. Bf3 Ne5 33. Be4+ Kh8 34. Rd4 Nc6 35. Bxc6 bxc6 36. Rc4 Rf6 37. Rb6 Re3+ 38. Kg4 a5 39. Ra6 Re5 40. h4 h5+ 41. Kg3 Re3+ 42. Kg2 Re2+ 43. Kg3 Re3+ 44. Kg2 Re2+ 45. Kg3 Re3+ 1/2-1/2


[Site "https://www.chess.com"]

[Event "Titled Tuesday Blitz March 07 Late 2023"]
[White "Derige Kane, Yan"]
[Black "Pulpan, Jakub"]
[WhiteFideId "20665431"]
[BlackFideId "302759"]
[WhiteElo "2149"]
[BlackElo "2484"]
[Result "1-0"]
[Round "06"]
[TimeControl "180+2"]
[Date "2023.03.07"]
[WhiteClock "0:00:06"]
[BlackClock "0:00:04"]

1. d4 Nf6 2. c4 e6 3. Nf3 d5 4. Nc3 c5 5. cxd5 Nxd5 6. e4 cxd4 7. Qxd4 Nxc3 8. Qxc3 Nc6 9. Bb5 Bd7 10. O-O Qb6 11. Ba4 Qa6 12. Qc2 Be7 13. Rd1 Rd8 14. Bf4 O-O 15. Bc7 Nb4 16. Qc3 Qxa4 17. Bxd8 Rxd8 18. Ne5 Bf6 19. Qc7 Na6 20. Qc4 Qxc4 21. Nxc4 Bc6 22. e5 Be7 23. b3 Kf8 24. a4 Nc5 25. Rxd8+ Bxd8 26. Rb1 g5 27. a5 Bc7 28. b4 Nd3 29. b5 Bd5 30. Nd6 Bxd6 31. exd6 Ke8 32. b6 a6 33. Rd1 Ne5 34. Rc1 Nc6 35. Ra1 Kd7 36. f3 Kxd6 37. Kf2 Kc5 38. h4 h6 39. g4 Kd6 40. h5 Nd4 41. Kg3 Nxf3 42. Rc1 Bc6 43. Rf1 Ke7 44. Rd1 Ne5 45. Rc1 Nd3 46. Rxc6 f5 47. Rc7+ Kd6 48. gxf5 exf5 49. Rxb7 f4+ 50. Kf3 Ne5+ 51. Kf2 Nd7 52. Rc7 g4 53. Rc8 Ne5 54. b7 g3+ 55. Kg2 f3+ 56. Kxg3 Nd7 57. Rd8 Kc7 58. Rxd7+ Kb8 59. Rd3 Ka7 60. b8=Q+ 1-0


[Site "https://www.chess.com"]

[Event "Titled Tuesday Blitz March 07 Late 2023"]
[White "Iliaguev, Nisim"]
[Black "Gubajdullin, Alexei"]
[WhiteFideId "2817276"]
[BlackFideId "4141202"]
[WhiteElo "2241"]
[BlackElo "2267"]
[Result "1/2-1/2"]
[Round "06"]
[TimeControl "180+2"]
[Date "2023.03.07"]
[WhiteClock "0:00:22"]
[BlackClock "0:00:06"]

1. d4 Nf6 2. Nf3 g6 3. g3 Bg7 4. Bg2 O-O 5. O-O d6 6. c4 Nc6 7. Nc3 a6 8. b3 Rb8 9. Bb2 b6 10. Rc1 e6 11. d5 exd5 12. Nxd5 Be6 13. Nxf6+ Bxf6 14. Qd2 a5 15. h4 Ne5 16. Nxe5 Bxe5 17. Bxe5 dxe5 18. Qc3 Qd4 19. Qxd4 exd4 20. c5 b5 21. Rfd1 Rfd8 22. Rd2 a4 23. b4 a3 24. Rcd1 Bc4 25. e3 d3 26. Be4 Rd7 27. Rc1 Rbd8 28. Rc3 Bxa2 29. Rxa3 Bc4 30. Kf1 f5 31. Bc6 Re7 32. Ke1 h6 33. Ra5 Rb8 34. Bg2 g5 35. hxg5 hxg5 36. Ra3 f4 37. gxf4 gxf4 38. Raxd3 Bxd3 39. Rxd3 fxe3 40. fxe3 Rbe8 41. Ke2 Kg7 42. Bc6 Rb8 43. Ra3 Kf6 44. Rd3 Rh7 45. Rd4 Ke5 46. Kd3 Kf6 47. Rf4+ Ke5 48. Re4+ Kf6 49. Rd4 Re7 50. Rd5 Re5 51. Rd7 Re7 52. Rd4 Re5 53. Rh4 Re7 54. e4 Rd8+ 55. Ke3 Rg8 56. Bxb5 Rb8 57. Bd3 Rxb4 58. Rh6+ Kg5 59. Rh8 Rb3 60. Rd8 Rc3 61. Kd4 Rc1 62. Kd5 Rd1 63. Kc6 Kf6 64. Rd5 Kg7 65. Bc4 Rxd5 66. exd5 Kf6 67. Ba6 Ke5 68. Bf1 Kd4 69. Bg2 Re5 70. Kxc7 Kxc5 71. d6 Re2 72. d7 Rd2 73. d8=Q Rxd8 74. Kxd8 1/2-1/2


[Site "https://www.chess.com"]

[Event "Titled Tuesday Blitz March 07 Late 2023"]
[White "Iskusnyh, Sergei"]
[Black "Melikhov, Evgeny V."]
[WhiteFideId "4120027"]
[BlackFideId "4122046"]
[WhiteElo "2492"]
[BlackElo "2158"]
[Result "1-0"]
[Round "06"]
[TimeControl "180+2"]
[Date "2023.03.07"]
[WhiteClock "0:00:47"]
[BlackClock "0:00:33"]

1. d4 Nf6 2. c4 e6 3. g3 d5 4. Bg2 dxc4 5. Nf3 Nc6 6. O-O Rb8 7. e3 b5 8. Qe2 Bd6 9. b3 cxb3 10. axb3 O-O 11. Bb2 Qe7 12. Ne5 Bxe5 13. dxe5 Nd5 14. Nd2 Rb6 15. Ne4 a5 16. Qg4 Kh8 17. Qh5 g6 18. Qh6 Rg8 19. Rfd1 Qf8 20. Qh4 h6 21. Rxd5 g5 22. Qh5 exd5 23. e6+ Kh7 24. Nf6+ Kh8 25. Nxd5+ Kh7 26. Nxb6 cxb6 27. Qxf7+ Qxf7 28. exf7 1-0


[Site "https://www.chess.com"]

[Event "Titled Tuesday Blitz March 07 Late 2023"]
[White "reevecanada"]
[Black "Licznerski, Lukasz"]
[BlackFideId "1179250"]
[WhiteElo "2527"]
[BlackElo "2450"]
[Result "0-1"]
[Round "06"]
[TimeControl "180+2"]
[Date "2023.03.07"]
[WhiteClock "0:00:11"]
[BlackClock "0:00:40"]

1. e4 c6 2. c4 d5 3. cxd5 cxd5 4. exd5 Nf6 5. Nc3 Nxd5 6. Nf3 Nxc3 7. bxc3 g6 8. h4 h6 9. h5 g5 10. d4 Bg7 11. Bd3 Nc6 12. Bc2 b6 13. Ba4 Bd7 14. Qd3 Rc8 15. Ba3 Ne5 16. Bxd7+ Qxd7 17. Nxe5 Bxe5 18. O-O Bd6 19. Bc1 Qg4 20. Qb5+ Kf8 21. Qa6 Rxc3 22. Qxa7 Qxh5 23. g3 Bxg3 24. fxg3 Rxg3+ 25. Kf2 Qf3+ 26. Ke1 Qe4+ 27. Kd1 Qxd4+ 28. Ke1 Qc3+ 29. Kf2 Rf3+ 30. Ke2 Qd3+ 31. Ke1 Rxf1# 0-1


[Site "https://www.chess.com"]

[Event "Titled Tuesday Blitz March 07 Late 2023"]
[White "Movahed, Sina"]
[Black "Krallis, Christos"]
[WhiteFideId "42520835"]
[BlackFideId "4298896"]
[WhiteElo "2225"]
[BlackElo "2243"]
[Result "1/2-1/2"]
[Round "06"]
[TimeControl "180+2"]
[Date "2023.03.07"]
[WhiteClock "0:00:16"]
[BlackClock "0:00:09"]

1. Nf3 c5 2. e4 Nc6 3. Bb5 g6 4. O-O Bg7 5. c3 Qb6 6. Na3 Nf6 7. Re1 O-O 8. Bxc6 dxc6 9. h3 Rd8 10. Qe2 Nh5 11. d3 Qa6 12. Rd1 Nf6 13. Bf4 b5 14. Qe3 Qb6 15. Bh6 Ba6 16. Nc2 Rab8 17. a3 Bc8 18. a4 bxa4 19. Bxg7 Kxg7 20. Rdb1 Ba6 21. c4 Qb3 22. Nfe1 Nd7 23. Ra3 Qb6 24. Qd2 f6 25. Rxa4 Ne5 26. Qc3 Bc8 27. f4 Nf7 28. Nf3 Qb3 29. Ra3 Qxc3 30. Rxc3 Rb7 31. Kf2 Rbd7 32. Ke3 f5 33. e5 Rb7 34. Nd2 g5 35. g3 h5 36. Nb3 h4 37. Nxc5 Rc7 38. gxh4 gxf4+ 39. Kxf4 Nh8 40. h5 Kh6 41. d4 Kxh5 42. e6 Ng6+ 43. Kxf5 Rf8+ 44. Ke4 Rf4+ 45. Ke3 Rh4 46. Rf1 Rxh3+ 47. Rf3 Rxf3+ 48. Kxf3 a5 49. Re3 Ra7 50. Ne1 Ra8 51. Ned3 Rb8 52. Nf4+ Nxf4 53. Kxf4 Rxb2 54. d5 cxd5 55. cxd5 Rb5 56. Rc3 a4 57. Nxa4 Bb7 58. Rc5 Rxc5 59. Nxc5 Bxd5 60. Ke5 Bxe6 61. Kxe6 Kg6 62. Kxe7 1/2-1/2


[Site "https://www.chess.com"]

[Event "Titled Tuesday Blitz March 07 Late 2023"]
[White "Martinez Reyes, Pedro Ramon"]
[Black "Mahdavi, Reza"]
[WhiteFideId "3901807"]
[BlackFideId "12595926"]
[WhiteElo "2340"]
[BlackElo "2208"]
[Result "1-0"]
[Round "06"]
[TimeControl "180+2"]
[Date "2023.03.07"]
[WhiteClock "0:00:09"]
[BlackClock "0:00:07"]

1. Nf3 Nf6 2. b3 g6 3. Bb2 Bg7 4. c4 O-O 5. e3 d6 6. d4 Nc6 7. d5 Nb8 8. Be2 e5 9. dxe6 Bxe6 10. O-O Nc6 11. Nc3 h6 12. Qc2 Qd7 13. Rad1 Rae8 14. a3 Bf5 15. Bd3 Bxd3 16. Rxd3 Ng4 17. Rfd1 Qf5 18. Nd5 Qc8 19. Bxg7 Kxg7 20. Qb2+ f6 21. Nd4 Nge5 22. R3d2 Nxd4 23. Rxd4 h5 24. h3 Rf7 25. Qc3 a6 26. b4 g5 27. c5 Re6 28. cxd6 Rxd6 29. Ne7 Qe6 30. Rxd6 cxd6 31. Nd5 Qf5 32. f4 Ng6 33. e4 Qxe4 34. Nxf6 Qe6 35. Nxh5+ Kh6 36. g4 gxf4 37. Kf2 f3 38. Re1 Qa2+ 39. Ke3 f2 40. Rf1 Re7+ 41. Kf3 Qe2+ 42. Kg2 Nh4+ 43. Kh2 Re5 44. Ng3 Qa2 45. Qc1+ Kg6 46. Qc7 Qd5 47. Qc2+ Kg7 48. Qxf2 Qe6 49. Qf8+ Kg6 50. Qf2 Re3 51. Qc2+ Kh6 52. Nf5+ Nxf5 53. Qxf5 Qxf5 54. Rxf5 Rxa3 55. Rd5 b5 56. Rxd6+ Kg5 57. Rd5+ Kf4 58. Rf5+ Ke4 59. Rf2 Rb3 60. g5 Rd3 61. g6 Rd8 62. h4 Rg8 63. h5 Rh8 64. Kh3 Rxh5+ 65. Kg4 Rh1 66. Kg5 Rg1+ 67. Kf6 Kd4 68. Rc2 Kd3 69. Rc6 Rf1+ 70. Ke7 Re1+ 71. Kf7 Rf1+ 72. Rf6 Rg1 73. g7 Kc3 74. Rg6 Rf1+ 75. Ke7 Re1+ 76. Kd7 Rd1+ 77. Kc7 Kxb4 78. g8=Q Rc1+ 79. Kb6 a5 80. Rg4+ Rc4 81. Rxc4+ bxc4 82. Qg4 a4 83. Qd1 a3 84. Qb1+ Kc3 85. Kc5 Kd2 86. Qa2+ Kd3 87. Qxc4+ Kd2 88. Qa2+ 1-0


[Site "https://www.chess.com"]

[Event "Titled Tuesday Blitz March 07 Late 2023"]
[White "Marra, Eduardo da Costa"]
[Black "Harsh Suresh"]
[WhiteFideId "2106990"]
[BlackFideId "45018464"]
[WhiteElo "2252"]
[BlackElo "2227"]
[Result "0-1"]
[Round "06"]
[TimeControl "180+2"]
[Date "2023.03.07"]
[WhiteClock "0:00:56"]
[BlackClock "0:00:04"]

1. Nf3 Nf6 2. c4 g6 3. g3 Bg7 4. Nc3 O-O 5. Bg2 c6 6. O-O d5 7. cxd5 cxd5 8. d4 Nc6 9. Ne5 Be6 10. Qa4 Nxe5 11. dxe5 Nd7 12. f4 Nb6 13. Qd1 Rc8 14. Nb5 Bd7 15. Nd4 e6 16. b3 Re8 17. Ba3 Bf8 18. Bxf8 Rxf8 19. Qd2 Qe7 20. Rac1 Qa3 21. e3 a5 22. h4 h5 23. g4 hxg4 24. h5 Rxc1 25. Rxc1 Rc8 26. Rxc8+ Bxc8 27. hxg6 fxg6 28. Qc2 Qe7 29. Qxg6+ Qg7 30. Qe8+ Qf8 31. Qh5 Qg7 32. Kf2 Bd7 33. Kg3 Nc8 34. Qxg4 b5 35. Bh3 Qxg4+ 36. Bxg4 Kf7 37. a3 Nb6 38. Be2 a4 39. b4 Nc4 40. Bxc4 bxc4 41. b5 Ke7 42. Kg4 Kd8 43. Kg5 Kc7 44. Kf6 c3 45. f5 exf5 46. e6 Be8 47. Ke7 Bh5 48. Kf8 Kd6 49. e7 Kc5 50. e8=Q Bxe8 51. Kxe8 f4 52. Ne6+ Kxb5 53. Nxf4 Kc4 54. Kd7 c2 55. Ne2 Kd3 56. Nc1+ Kxe3 57. Kc6 d4 58. Kb5 d3 0-1


[Site "https://www.chess.com"]

[Event "Titled Tuesday Blitz March 07 Late 2023"]
[White "Janaszak, Dawid"]
[Black "Barp, Alberto"]
[WhiteFideId "1119206"]
[BlackFideId "872555"]
[WhiteElo "2220"]
[BlackElo "2313"]
[Result "1-0"]
[Round "06"]
[TimeControl "180+2"]
[Date "2023.03.07"]
[WhiteClock "0:00:02"]
[BlackClock "0:00:01"]

1. e4 e6 2. d4 d5 3. Bd3 c5 4. exd5 exd5 5. c3 Nf6 6. Nf3 Nc6 7. O-O c4 8. Bc2 Be7 9. Ne5 O-O 10. f4 Bd6 11. Qf3 Ne7 12. b3 cxb3 13. axb3 Bf5 14. Bd3 Qc8 15. c4 Bxd3 16. Qxd3 dxc4 17. bxc4 Rd8 18. Bb2 Bc5 19. Nd2 Nf5 20. Nb3 Bb6 21. Kh1 h5 22. d5 Ng4 23. c5 Nge3 24. cxb6 Rxd5 25. Qe4 Rb5 26. Qa4 Qc2 27. Rg1 Rxb3 28. Qxa7 Rf8 29. Ba3 Ng4 30. Raf1 Qa2 31. Nc4 h4 32. Qxb7 1-0


[Site "https://www.chess.com"]

[Event "Titled Tuesday Blitz March 07 Late 2023"]
[White "Fernandez Guillen, Ernesto J."]
[Black "Kretchetov, Alexandre"]
[WhiteFideId "3512428"]
[BlackFideId "4124588"]
[WhiteElo "2423"]
[BlackElo "2542"]
[Result "1-0"]
[Round "06"]
[TimeControl "180+2"]
[Date "2023.03.07"]
[WhiteClock "0:01:49"]
[BlackClock "0:00:57"]

1. e4 c6 2. d4 d5 3. e5 Bf5 4. c3 e6 5. Bd3 Bxd3 6. Qxd3 Qb6 7. Ne2 c5 8. O-O Nc6 9. Nd2 cxd4 10. cxd4 Nge7 11. Nf3 Nf5 12. g4 Nfe7 13. a3 h5 14. h3 Rc8 15. b4 a5 16. b5 Na7 17. a4 Ng6 18. Kg2 Be7 19. Be3 Rc4 20. Rfc1 Rxc1 21. Rxc1 Kd7 22. Bd2 hxg4 23. hxg4 Rc8 24. Rxc8 Nxc8 25. Qc3 Bb4 26. Qc1 Bxd2 27. Qxd2 Qd8 28. Ng5 Ke8 29. f4 Nb6 30. Kg3 Nc4 31. Qd3 Qe7 32. Ng1 Qb4 33. N1f3 Qxa4 34. Nxe6 Ne7 35. Nxg7+ Kd8 36. Nf5 Qa1 37. Nxe7 Kxe7 38. Qf5 Qc3 39. Qf6+ Ke8 40. e6 fxe6 41. Qxe6+ Kf8 42. Qc8+ Kg7 43. g5 Qd3 44. Qxb7+ Kg8 45. Qxd5+ Kf8 46. Qd8+ Kg7 47. Qf6+ Kg8 48. g6 1-0


[Site "https://www.chess.com"]